[Event "Titled Tuesday Blitz August 17 2021"]
[White "Tregubov, Pavel V."]
[Black "Yeletsky, Ivan"]
[WhiteFideId "4115341"]
[BlackFideId "24180327"]
[WhiteElo "2423"]
[BlackElo "2344"]
[Result "0-1"]
[Round "07"]
[TimeControl "180+1"]
[Date "2021.08.17"]
[WhiteClock "0:00:07"]
[BlackClock "0:00:06"]

1. e4 e6 2. d4 d5 3. exd5 exd5 4. Nf3 Nf6 5. Bd3 c5 6. O-O c4 7. Re1+ Be7 8. Bf1 O-O 9. b3 cxb3 10. axb3 Nc6 11. h3 Bf5 12. Bd3 Ne4 13. Bb2 Re8 14. Nbd2 Bb4 15. Re2 Nxd2 16. Rxe8+ Qxe8 17. Bxf5 Ne4 18. Ne5 Ne7 19. Bxe4 dxe4 20. c4 Bd6 21. Ng4 b6 22. d5 Ng6 23. Qd4 f6 24. Re1 Bc5 25. Nxf6+ gxf6 26. Qxf6 Qf7 27. Qxf7+ Kxf7 28. Rxe4 a5 29. g3 a4 30. bxa4 Rxa4 31. Kg2 b5 32. h4 Rxc4 33. Re2 Ne7 34. Rd2 Nf5 35. Be5 Bd6 36. Ba1 Ra4 37. Bb2 Ra2 38. h5 Be5 39. Bc1 Rxd2 40. Bxd2 Nd6 41. Kf3 Nc4 42. Be1 Bd6 43. Ke4 b4 44. Kd4 b3 45. Kc3 b2 46. Kc2 Be5 47. Bb4 Bd4 48. f4 Be3 49. f5 Bc1 50. g4 Kf6 51. d6 Nb6 52. Bc3+ Kg5 53. f6 Nd7 54. f7 Bf4 55. Bxb2 Bxd6 56. Kd3 Kxg4 57. h6 Kh5 58. Bg7 Kg6 59. Ke4 Kxf7 60. Kf5 Bf8 61. Bb2 Bxh6 62. Bc3 Bg7 63. Bd2 Nf8 64. Be3 Ne6 65. Bc1 Bf6 66. Bd2 Ng7+ 67. Kg4 Kg6 68. Be3 h5+ 69. Kh3 Nf5 70. Bf4 Bg5 71. Be5 Nh6 72. Bd6 Ng4 73. Bc5 Kf5 74. Bd4 Bf6 75. Bg1 Ne5 76. Bf2 Ng6 77. Be1 Nf4+ 78. Kh2 Kg4 79. Bf2 Be5 80. Kh1 Nd3 81. Be3 h4 82. Bb6 h3 83. Bg1 Bg3 84. Bd4 Nf4 85. Bc5 Ne2 86. Bb6 Kf3 87. Ba7 Bf2 88. Bb8 Kg4 89. Bc7 Bg3 90. Bb6 Bf4 91. Ba7 Ng3+ 92. Kh2 Nh5+ 93. Kh1 Ng7 94. Bb6 Ne6 95. Ba7 Ng5 96. Bb6 Ne4 97. Bd4 Ng5 98. Bb6 Nf3 99. Ba7 h2 100. Bb6 Kh3 101. Ba7 Nh4 102. Bf2 Nf5 103. Be1 Bd2 104. Bf2 Be3 105. Bh4 Kxh4 106. Kxh2 Kg4 107. Kg2 Kf4 108. Kh1 Kf3 109. Kh2 Ng3 110. Kh3 Bg1 111. Kh4 Bd4 112. Kh3 Ne2 113. Kh2 Ng3 114. Kh3 Bg1 115. Kh4 Ne4 116. Kh3 Ng5+ 117. Kh4 Kf4 118. Kh5 Kf5 119. Kh4 Bf2+ 120. Kh5 Ne6 121. Kh6 Kf6 122. Kh5 Kf5 123. Kh6 Bh4 124. Kh5 Be7 125. Kh6 Kf6 126. Kh5 Kf5 127. Kh6 Ng5 128. Kh5 Bc5 129. Kh4 Bf2+ 130. Kh5 Be1 131. Kh6 Ne6 132. Kh5 Ng7+ 133. Kh6 Kf6 134. Kh7 Kf7 135. Kh6 Bd2+ 136. Kh7 Ne8 137. Kh8 Bh6 138. Kh7 Bf8 0-1


[Site "https://www.chess.com"]

[Event "Titled Tuesday Blitz August 17 2021"]
[White "Urazayev, Arystanbek"]
[Black "Grachev, Boris"]
[WhiteFideId "13709810"]
[BlackFideId "4129199"]
[WhiteElo "2321"]
[BlackElo "2580"]
[Result "1/2-1/2"]
[Round "07"]
[TimeControl "180+1"]
[Date "2021.08.17"]
[WhiteClock "0:02:11"]
[BlackClock "0:01:07"]

1. e4 c5 2. Nf3 e6 3. c3 d5 4. exd5 exd5 5. Bb5+ Bd7 6. Bxd7+ Nxd7 7. O-O Bd6 8. d4 Ne7 9. dxc5 Nxc5 10. Nbd2 O-O 11. Nb3 Ne4 12. Be3 a5 13. a4 Nf5 14. Re1 Re8 15. Nbd4 Nxe3 16. Rxe3 Bc5 17. Qb3 Qb6 18. Qxb6 Bxb6 19. Rae1 Kf8 20. R3e2 Bxd4 21. Nxd4 Nc5 22. Rxe8+ Rxe8 23. Rxe8+ Kxe8 24. b3 Ne4 25. Nb5 Kd7 26. f3 Nc5 27. Nd4 Ne6 28. Nc2 Nc5 29. Nd4 Ne6 30. Nc2 Nc5 31. Nd4 1/2-1/2


[Site "https://www.chess.com"]

[Event "Titled Tuesday Blitz August 17 2021"]
[White "Vargas, Gabriela"]
[Black "Sadovsky, Artem"]
[WhiteFideId "3700860"]
[BlackFideId "4155840"]
[WhiteElo "2116"]
[BlackElo "2442"]
[Result "0-1"]
[Round "07"]
[TimeControl "180+1"]
[Date "2021.08.18"]
[WhiteClock "0:00:12"]
[BlackClock "0:00:09"]

1. d4 c5 2. d5 g6 3. c4 Bg7 4. Nf3 d6 5. e4 b5 6. Qc2 b4 7. Bd3 a5 8. O-O Bg4 9. Nbd2 a4 10. Rb1 Nd7 11. Ne1 Nb6 12. h3 Bd7 13. f4 b3 14. axb3 axb3 15. Qd1 h5 16. Nef3 Nh6 17. Qe2 Qc7 18. e5 Bf5 19. Nxb3 O-O 20. Re1 Rfb8 21. Nbd2 Na4 22. Ne4 Ra7 23. Neg5 Nc3 24. bxc3 Rxb1 25. Bxb1 Bxb1 26. Be3 Qb7 27. exd6 exd6 28. Bf2 Ra8 29. Nd2 Bf5 30. Nge4 Qe7 31. Qf3 Qd8 32. Rb1 Ra2 33. Rb7 Bf8 34. Kh2 Ra1 35. Qe3 Ra2 36. Bg3 h4 37. Bf2 Bxe4 38. Nxe4 Nf5 39. Qf3 Be7 40. Qg4 Kg7 41. Qf3 Qc8 42. Rb1 Qa8 43. Ng5 Bxg5 44. fxg5 Qa4 45. Qe4 Qc2 46. Qxc2 Rxc2 47. Rb6 Rxf2 48. Kg1 Rc2 49. Rb3 Ne3 50. Kh1 Rxg2 51. Rb6 Rg3 52. Rxd6 Nxc4 53. Rd8 Rxh3+ 54. Kg2 Rxc3 55. d6 Rd3 56. d7 Ne5 57. Re8 Nxd7 58. Rd8 h3+ 59. Kh2 Ne5 60. Re8 Ng4+ 61. Kh1 Rd1+ 0-1


[Site "https://www.chess.com"]

[Event "Titled Tuesday Blitz August 17 2021"]
[White "Vasli, Aref"]
[Black "Chirila, Ioan-Cristian"]
[WhiteFideId "417521"]
[BlackFideId "1211668"]
[WhiteElo "2257"]
[BlackElo "2445"]
[Result "0-1"]
[Round "07"]
[TimeControl "180+1"]
[Date "2021.08.17"]
[WhiteClock "0:00:07"]
[BlackClock "0:00:24"]

1. e4 c5 2. Nf3 Nc6 3. Bb5 g6 4. O-O Bg7 5. Re1 e5 6. c3 Nge7 7. d4 cxd4 8. cxd4 Nxd4 9. Nxd4 exd4 10. Nd2 O-O 11. Nf3 Qb6 12. Bc4 d6 13. h3 Be6 14. Bf1 Rac8 15. b3 Nc6 16. Bf4 Ne5 17. Nd2 Rc3 18. Bh2 Rfc8 19. Kh1 Qb4 20. f4 Nd3 21. a3 Qb6 22. Bxd3 Rxd3 23. Rc1 Rdc3 24. Rb1 d3 25. f5 Bd7 26. Qf3 Bb5 27. a4 Ba6 28. Rf1 R8c7 29. f6 Bh6 30. Rbd1 Rc2 31. Bf4 Bf8 32. e5 dxe5 33. Bxe5 Rd7 34. Ba1 Qc6 35. Qg4 h5 36. Qg5 Rd5 37. Qe3 b6 38. Nf3 d2 39. Rf2 Rc1 40. Rxd2 Rxd1+ 41. Rxd1 Rxd1+ 42. Kh2 Rxa1 0-1


[Site "https://www.chess.com"]

[Event "Titled Tuesday Blitz August 17 2021"]
[White "Vlassov, Nikolai"]
[Black "Kanyamarala, Trisha"]
[WhiteFideId "4103360"]
[BlackFideId "45004722"]
[WhiteElo "2407"]
[BlackElo "2074"]
[Result "1-0"]
[Round "07"]
[TimeControl "180+1"]
[Date "2021.08.17"]
[WhiteClock "0:01:43"]
[BlackClock "0:01:23"]

1. e4 c5 2. c3 Nf6 3. e5 Nd5 4. d4 cxd4 5. cxd4 d6 6. Bc4 e6 7. Nf3 Nc6 8. O-O Be7 9. Qe2 O-O 10. Qe4 Na5 11. Bd3 f5 12. exf6 Nxf6 13. Qh4 Nc6 14. Nc3 Nb4 15. Bb1 Bd7 16. Bg5 g6 17. Re1 Nfd5 18. a3 Rf4 19. Bxe7 Qxe7 20. Qxe7 Nxe7 21. axb4 h6 22. Ba2 Kf7 23. Ne4 Nc8 24. Rac1 1-0


[Site "https://www.chess.com"]

[Event "Titled Tuesday Blitz August 17 2021"]
[White "Waddingham, Graham A"]
[Black "Golubev, Mikhail"]
[WhiteFideId "400653"]
[BlackFideId "14100983"]
[WhiteElo "2343"]
[BlackElo "2374"]
[Result "0-1"]
[Round "07"]
[TimeControl "180+1"]
[Date "2021.08.18"]
[WhiteClock "0:00:05"]
[BlackClock "0:00:07"]

1. e4 c5 2. f4 d5 3. exd5 Nf6 4. Nc3 Nxd5 5. Bb5+ Bd7 6. Qf3 Bxb5 7. Nxb5 Qd7 8. Qxd5 Qxb5 9. Nf3 e6 10. Qe4 Nd7 11. b3 Nf6 12. Qe3 Bd6 13. g3 Nd5 14. Qe2 Qxe2+ 15. Kxe2 f6 16. Bb2 Kf7 17. d4 cxd4 18. Nxd4 Rhd8 19. Rhd1 a6 20. c4 Ne7 21. Rd3 Bc5 22. Rad1 Bxd4 23. Rxd4 Ke8 24. Rd6 Rxd6 25. Rxd6 b5 26. c5 Rc8 27. b4 Rc6 28. Rd4 Nd5 29. f5 Kd7 30. fxe6+ Rxe6+ 31. Kd3 Kc6 32. Bc1 Re1 33. Bd2 Ra1 34. Re4 Rxa2 35. Re6+ Kc7 36. Rd6 Ra3+ 37. Kd4 Ne7 38. Bf4 Nf5+ 39. Kd5 Nxd6 40. Bxd6+ Kc8 41. Kc6 a5 42. Kxb5 axb4 43. Kxb4 Ra2 44. h4 Rb2+ 45. Kc4 Rd2 46. Kc3 Rd1 47. Bf8 g6 48. Bg7 f5 49. Be5 Kd7 50. Bf4 Kc6 51. Kc4 Rd5 52. Kc3 Rxc5+ 53. Kd4 Rd5+ 54. Ke3 Kb5 55. h5 Kc4 56. h6 Rd7 57. Be5 Kd5 58. Bg7 Ke6 59. Kf4 Rxg7 60. hxg7 Kf7 61. Kg5 Kxg7 62. g4 h6+ 63. Kf4 fxg4 64. Kxg4 Kf6 0-1


[Site "https://www.chess.com"]

[Event "Titled Tuesday Blitz August 17 2021"]
[White "Wagner, Dennis"]
[Black "Onyshchuk, Volodymyr"]
[WhiteFideId "24650684"]
[BlackFideId "14114038"]
[WhiteElo "2355"]
[BlackElo "2603"]
[Result "1-0"]
[Round "07"]
[TimeControl "180+1"]
[Date "2021.08.17"]
[WhiteClock "0:00:05"]
[BlackClock "0:00:01"]

1. d4 d6 2. e4 Nf6 3. Nc3 g6 4. Be3 c6 5. Qd2 Nbd7 6. h3 Qa5 7. Bd3 e5 8. Nf3 Bg7 9. O-O Qd8 10. Bh6 O-O 11. Rad1 Qe7 12. Rfe1 Re8 13. Bxg7 Kxg7 14. Ne2 h6 15. Ng3 Nf8 16. Bc4 N6h7 17. dxe5 dxe5 18. Qd6 Qxd6 19. Rxd6 Ng5 20. Nxg5 hxg5 21. Nf1 Be6 22. Ne3 Rad8 23. Red1 Rxd6 24. Rxd6 Bc8 25. a4 Nd7 26. a5 Kf8 27. b4 Ke7 28. Rd2 Nf8 29. f3 f6 30. Kf2 Ne6 31. Bxe6 Bxe6 32. Ng4 c5 33. c3 cxb4 34. cxb4 Rc8 35. Ne3 Rc1 36. Rc2 Rxc2+ 37. Nxc2 Kd6 38. Ke3 f5 39. Na3 Kc6 40. g4 f4+ 41. Kd2 Bb3 42. Ke2 b6 43. axb6 Kxb6 44. Kd2 Kc6 45. Ke2 a6 46. Kd2 Be6 47. Ke2 Kb6 48. Kd2 Bb3 49. Ke2 a5 50. bxa5+ Kxa5 51. Nb1 Kb4 52. Kd2 Bc4 53. Nc3 Kc5 54. Na4+ Kd4 55. Nb6 Be6 56. Na4 Bd7 57. Nc3 Bc6 58. Ne2+ Kc4 59. Nc1 Bb5 60. Nd3 Kd4 61. Nb4 Kc5 62. Nd5 Bf1 63. Ne7 Kd6 64. Nxg6 Bc4 65. h4 Bf7 66. h5 1-0


[Site "https://www.chess.com"]

[Event "Titled Tuesday Blitz August 17 2021"]
[White "Woodward, Andy"]
[Black "Przybylski, Wojciech"]
[WhiteFideId "30953499"]
[BlackFideId "1117599"]
[WhiteElo "2137"]
[BlackElo "2250"]
[Result "0-1"]
[Round "07"]
[TimeControl "180+1"]
[Date "2021.08.17"]
[WhiteClock "0:00:23"]
[BlackClock "0:01:11"]

1. d4 Nf6 2. c4 e6 3. Nc3 Bb4 4. Qc2 d6 5. Nf3 O-O 6. Bd2 Nbd7 7. a3 Bxc3 8. Bxc3 d5 9. e3 Ne4 10. Bd3 f5 11. O-O b6 12. cxd5 exd5 13. Bb4 c5 14. dxc5 bxc5 15. Bc3 Bb7 16. Rad1 Qe7 17. Bb5 Ndf6 18. Be5 c4 19. b3 a6 20. Ba4 Rac8 21. bxc4 Rxc4 22. Qb3 Nc5 23. Qb6 Nxa4 24. Qa7 Ra8 25. Bxf6 gxf6 26. Qd4 Rxd4 27. Rxd4 Nc3 28. Re1 Ne4 29. g3 Qxa3 30. Nh4 Qb2 31. Rf1 Nc3 32. Kg2 Qc2 33. Kh3 Ne4 34. Kg2 Nd6 35. Ra1 Nb5 36. Rf4 d4+ 37. Kh3 dxe3 38. fxe3 Kf7 39. Raf1 Nd6 40. R1f2 Qd1 41. g4 fxg4+ 42. Rxg4 Bc8 0-1


[Site "https://www.chess.com"]

[Event "Titled Tuesday Blitz August 17 2021"]
[White "Yaran, Siar"]
[Black "Silva, Miguel Antonio Neto"]
[WhiteFideId "6323006"]
[BlackFideId "1911929"]
[WhiteElo "1977"]
[BlackElo "2283"]
[Result "1/2-1/2"]
[Round "07"]
[TimeControl "180+1"]
[Date "2021.08.17"]
[WhiteClock "0:00:15"]
[BlackClock "0:00:31"]

1. e4 e5 2. f4 d5 3. exd5 exf4 4. Nf3 Bd6 5. Bc4 Ne7 6. Nc3 a6 7. a4 Ng6 8. d4 O-O 9. O-O Nd7 10. Ne4 Nf6 11. Nxd6 Qxd6 12. Ne5 Nxd5 13. Bxd5 Qxd5 14. c4 Qe4 15. Re1 Qf5 16. Qf3 c6 17. Re4 Be6 18. b3 Nxe5 19. Rxe5 Qc2 20. Bxf4 Rad8 21. d5 cxd5 22. cxd5 Qc5+ 23. Qf2 Qxf2+ 24. Kxf2 Rxd5 25. Rxd5 Bxd5 26. b4 Rc8 27. Rc1 Rxc1 28. Bxc1 b5 29. a5 f5 30. g3 Kf7 31. Ke3 Ke6 32. Kd4 Kd6 33. Bf4+ Kc6 34. Ke5 Be4 35. h4 g6 36. g4 Bd5 37. g5 Bf3 38. Be3 Be4 39. Bf4 Bd3 40. Be3 Bc2 41. Bf4 Bd3 42. Be3 Bc2 43. Bc5 Bd3 44. Be3 1/2-1/2


[Site "https://www.chess.com"]

[Event "Titled Tuesday Blitz August 17 2021"]
[White "Yoo, Christopher Woojin"]
[Black "Paravyan, David"]
[WhiteFideId "30909694"]
[BlackFideId "4194985"]
[WhiteElo "2105"]
[BlackElo "2562"]
[Result "1-0"]
[Round "07"]
[TimeControl "180+1"]
[Date "2021.08.17"]
[WhiteClock "0:00:05"]
[BlackClock "0:00:02"]

1. e4 e5 2. Nf3 Nc6 3. Bc4 Nf6 4. Ng5 d5 5. exd5 Na5 6. Bb5+ c6 7. dxc6 bxc6 8. Bd3 Nd5 9. h4 Nf4 10. Bf1 f6 11. Ne4 f5 12. g3 Ne6 13. Nec3 Bc5 14. Bg2 O-O 15. d3 f4 16. Ne4 fxg3 17. fxg3 Bb6 18. Nbc3 Nd4 19. Bg5 Qe8 20. Nd6 Qe6 21. Nxc8 Raxc8 22. Ne4 h6 23. Bd2 Rcd8 24. c3 Nf5 25. b4 Nc4 26. Qb3 Rxd3 27. Bf1 Qd5 28. Bxd3 Qxd3 29. Qb1 Qf3 30. Rf1 Qg2 31. Qd3 Nb2 32. Qf3 Qh3 33. Rh1 Qxh1+ 34. Qxh1 Nc4 35. Ke2 Nfd6 36. Rf1 Rd8 37. Nxd6 Rxd6 38. Bc1 e4 39. Qxe4 1-0


[Site "https://www.chess.com"]

[Event "Titled Tuesday Blitz August 17 2021"]
[White "Zarubitski, Viachaslau"]
[Black "Maghsoodloo, Parham"]
[WhiteFideId "13509373"]
[BlackFideId "12539929"]
[WhiteElo "2315"]
[BlackElo "2601"]
[Result "1-0"]
[Round "07"]
[TimeControl "180+1"]
[Date "2021.08.17"]
[WhiteClock "0:00:33"]
[BlackClock "0:00:06"]

1. e4 c5 2. Nf3 Nc6 3. Bb5 e6 4. O-O Nge7 5. d4 cxd4 6. Nxd4 a6 7. Nxc6 bxc6 8. Bd3 Ng6 9. c4 e5 10. Nc3 Bc5 11. Na4 Bd4 12. c5 Rb8 13. Qc2 d6 14. cxd6 Qxd6 15. Bd2 O-O 16. Rac1 c5 17. b3 Nf4 18. Bxf4 exf4 19. Nxc5 Bxc5 20. e5 Qd4 21. Rfd1 Qxf2+ 22. Qxf2 Bxf2+ 23. Kxf2 Re8 24. Rc5 g5 25. Bc4 Kg7 26. Rd6 Be6 27. Bxe6 Rxe6 28. Rxe6 fxe6 29. Rc6 Rd8 30. Rxa6 g4 31. Ke2 Kf7 32. b4 Rd4 33. b5 Re4+ 34. Kf2 Rxe5 35. a4 Rc5 36. b6 Rc2+ 37. Kf1 Rb2 38. a5 e5 39. Ra7+ Ke6 40. b7 Kf5 41. a6 e4 42. Ra8 Rb1+ 43. Ke2 f3+ 44. gxf3 gxf3+ 45. Kf2 Rb2+ 46. Kg3 Rg2+ 47. Kh3 Rb2 48. b8=Q Rxb8 49. Rxb8 e3 50. Kg3 e2 51. Kf2 1-0


[Site "https://www.chess.com"]

[Event "Titled Tuesday Blitz August 17 2021"]
[White "Zhigalko, Sergei"]
[Black "Timofeev, Artyom"]
[WhiteFideId "13502956"]
[BlackFideId "4140419"]
[WhiteElo "2662"]
[BlackElo "2582"]
[Result "1/2-1/2"]
[Round "07"]
[TimeControl "180+1"]
[Date "2021.08.17"]
[WhiteClock "0:00:04"]
[BlackClock "0:00:10"]

1. e4 c5 2. Nf3 Nc6 3. c3 d5 4. exd5 Qxd5 5. d4 Bf5 6. Be3 e6 7. Nbd2 cxd4 8. Nxd4 Nxd4 9. Bxd4 Ne7 10. Be2 Nc6 11. Bf3 Qd7 12. Nb3 O-O-O 13. O-O Qc7 14. Qe2 Bd6 15. Bxc6 Qxc6 16. Rfd1 Qc7 17. h3 a6 18. g4 Bg6 19. Bxg7 Rhe8 20. Rd4 Bh2+ 21. Kg2 Rxd4 22. Bxd4 h5 23. Rd1 hxg4 24. hxg4 Bd6 25. Nd2 Rg8 26. Nc4 Qc6+ 27. f3 Bc7 28. Kf2 Qb5 29. Ne5 Qa5 30. b4 Qd5 31. Nxg6 Rxg6 32. c4 Qc6 33. b5 Qd6 34. bxa6 Qxa6 35. c5 Qc6 36. Qe4 Qxe4 37. fxe4 Rxg4 38. Kf3 Rg3+ 39. Kf2 Ra3 40. Rd2 Ra4 41. Ke3 Kd7 42. Be5+ Kc6 43. Bxc7 Kxc7 44. Rf2 Kc6 45. Rxf7 Rxa2 46. Re7 Kxc5 47. Rxb7 Kd6 48. Rb6+ Ke7 49. e5 Ra5 50. Rb7+ Ke8 51. Kf4 Kf8 52. Rc7 Ke8 53. Rb7 Kf8 54. Rc7 Ke8 55. Ke4 Kf8 56. Kd4 Ke8 57. Rc5 Ra4+ 58. Rc4 Ra5 59. Rc7 Kd8 60. Rc5 Ra4+ 61. Rc4 Ra5 62. Rc5 Ra4+ 63. Rc4 Ra5 64. Rc5 1/2-1/2


[Site "https://www.chess.com"]

[Event "Titled Tuesday Blitz August 17 2021"]
[White "Adury, Anant"]
[Black "Loy, Konstantin"]
[WhiteFideId "30964687"]
[BlackFideId "14122499"]
[WhiteElo "2314"]
[BlackElo "2084"]
[Result "0-1"]
[Round "08"]
[TimeControl "180+1"]
[Date "2021.08.18"]
[WhiteClock "0:00:12"]
[BlackClock "0:00:10"]

1. d4 Nf6 2. Nc3 d5 3. Bf4 e6 4. Nb5 Bd6 5. Nxd6+ cxd6 6. e3 Nc6 7. Nf3 O-O 8. Be2 Re8 9. O-O e5 10. Bg5 h6 11. Bh4 Bf5 12. c3 a6 13. dxe5 dxe5 14. Bxf6 gxf6 15. Nh4 Bg6 16. Bg4 Ne7 17. Qf3 Qd6 18. Nf5 Nxf5 19. Bxf5 Rad8 20. h4 Bxf5 21. Qxf5 Qe6 22. e4 Qxf5 23. exf5 d4 24. Rad1 dxc3 25. bxc3 Kf8 26. f3 Ke7 27. Kf2 Rxd1 28. Rxd1 Rc8 29. Rd3 Rc4 30. g3 Ra4 31. Rd2 Ra3 32. Rb2 b5 33. c4 bxc4 34. Rb7+ Kf8 35. Rb8+ Kg7 36. Rb2 Rc3 37. Re2 a5 38. Rb2 a4 39. Ke2 a3 40. Rb4 Rc2+ 41. Ke3 Rxa2 42. Rxc4 Rg2 43. g4 h5 44. Ra4 a2 45. gxh5 Kh6 46. f4 Kxh5 47. Kf3 Rb2 48. fxe5 fxe5 49. Ke4 f6 50. Kd5 Rf2 51. Ke6 e4 52. Kxf6 e3 53. Re4 a1=Q+ 54. Kf7 Rxf5+ 55. Ke6 Re5+ 56. Rxe5+ Qxe5+ 57. Kxe5 e2 58. Kf4 e1=Q 59. Kf3 Qxh4 60. Kg2 Qg4+ 61. Kf2 Qh3 62. Ke1 Kg4 63. Kd2 Kf4 64. Kc2 Ke4 65. Kb2 Kd4 66. Ka2 Kc4 67. Kb1 Qh2 68. Kc1 Kc3 69. Kd1 Qd2# 0-1


[Site "https://www.chess.com"]

[Event "Titled Tuesday Blitz August 17 2021"]
[White "Agibileg, Uurtsaikh"]
[Black "Murzin, Volodar"]
[WhiteFideId "4901606"]
[BlackFideId "44155573"]
[WhiteElo "2150"]
[BlackElo "2541"]
[Result "0-1"]
[Round "08"]
[TimeControl "180+1"]
[Date "2021.08.17"]
[WhiteClock "0:00:01"]
[BlackClock "0:00:05"]

1. d4 d5 2. c4 c6 3. Nf3 Nf6 4. Nc3 a6 5. Bf4 dxc4 6. e4 b5 7. Qc2 Bg4 8. Rd1 Nbd7 9. Be2 e6 10. O-O Bb4 11. b3 Bxc3 12. Qxc3 Nxe4 13. Qc2 Ndf6 14. bxc4 O-O 15. h3 Bh5 16. Ne5 Bxe2 17. Qxe2 Nc3 18. Qf3 Nxd1 19. Rxd1 bxc4 20. Bg5 Qd5 21. Qe3 Nd7 22. Qe2 c3 23. Bf4 Nxe5 24. dxe5 Qc5 25. Rc1 Rfd8 26. Bg5 Rd5 27. Qg4 Kh8 28. Be3 Qb5 29. Rxc3 Rxe5 30. Rb3 Qd5 31. Qf4 Rf8 32. Bd4 Re1+ 33. Kh2 e5 34. Qd2 Re4 35. Qb4 Rg8 36. Qb8 f6 37. Qc7 Rxd4 38. Rb8 e4 39. Kg3 Qd6+ 40. Qxd6 Rxd6 41. Rb4 Rd3+ 42. Kf4 Re8 43. Rb6 e3 44. Rb8 Rxb8 0-1


[Site "https://www.chess.com"]

[Event "Titled Tuesday Blitz August 17 2021"]
[White "Babiy, Olga"]
[Black "Maksimovic, Bojan"]
[WhiteFideId "14117258"]
[BlackFideId "14408120"]
[WhiteElo "2253"]
[BlackElo "2439"]
[Result "0-1"]
[Round "08"]
[TimeControl "180+1"]
[Date "2021.08.17"]
[WhiteClock "0:00:03"]
[BlackClock "0:00:07"]

1. d4 Nf6 2. Nf3 Ng8 3. e4 Nf6 4. Nc3 Ng8 5. Bc4 e6 6. e5 d5 7. exd6 cxd6 8. O-O d5 9. Bb5+ Bd7 10. Bd3 Nf6 11. Ne2 Nc6 12. c3 Bd6 13. Bg5 Ne7 14. Re1 Ng6 15. Ng3 O-O 16. Nh5 Be7 17. Nf4 Nxf4 18. Bxf4 Qb6 19. Ne5 Rfd8 20. Re3 Be8 21. Rg3 g6 22. Bg5 Qc7 23. Qf3 Ne4 24. Bxe7 Qxe7 25. Bxe4 dxe4 26. Qxe4 f6 27. Nd3 Bc6 28. Qf4 e5 29. dxe5 Rf8 30. exf6 Rxf6 31. Qc4+ Kg7 32. Re1 Qd6 33. Rge3 Raf8 34. Qh4 Qd5 35. Re7+ R8f7 36. Rxf7+ Rxf7 37. Qd4+ Qxd4 38. cxd4 Rd7 39. Ne5 Rxd4 40. Nxc6 bxc6 41. Kf1 Kf6 42. Rc1 Rd6 43. Ke2 Ke5 44. Rc5+ Kd4 45. Ra5 Rd7 46. h4 c5 47. b3 Rc7 48. Ra4+ Kc3 49. Rc4+ Kb2 50. b4 Re7+ 51. Kd3 cxb4 52. Rxb4+ Kxa2 53. g4 Ka3 54. Rb5 Ka4 55. Rb1 a5 56. f4 Ka3 57. Kc3 Re3+ 58. Kd4 Rh3 59. f5 Rxh4 60. Rg1 gxf5 61. Rg3+ Kb4 0-1


[Site "https://www.chess.com"]

[Event "Titled Tuesday Blitz August 17 2021"]
[White "Baches Garcia, Guillermo"]
[Black "Iskusnyh, Sergei"]
[WhiteFideId "2209764"]
[BlackFideId "4120027"]
[WhiteElo "2486"]
[BlackElo "2492"]
[Result "0-1"]
[Round "08"]
[TimeControl "180+1"]
[Date "2021.08.17"]
[WhiteClock "0:00:07"]
[BlackClock "0:00:03"]

1. e4 e6 2. d4 d5 3. exd5 exd5 4. Nf3 Nf6 5. Bd3 c5 6. O-O Nc6 7. Re1+ Be7 8. dxc5 O-O 9. Be3 Ng4 10. Nbd2 Nxe3 11. Rxe3 Bxc5 12. Re1 Bg4 13. h3 Bh5 14. c3 Qf6 15. Qc2 Kh8 16. b4 Bb6 17. b5 Ne7 18. Re5 Bg6 19. Rae1 Bxd3 20. Qxd3 Ng6 21. Rf5 Qd6 22. Rxd5 Qg3 23. Ne4 Qc7 24. Rd7 Nf4 25. Qd2 Qc8 26. Rd1 Ng6 27. Nfg5 Qc4 28. Nd6 Qc5 29. Ndxf7+ Kg8 30. Rd5 Qe7 31. Rd7 Qc5 32. Qd5 Qxd5 33. R1xd5 h6 34. Nxh6+ gxh6 35. Ne6 Rxf2 36. Rg7+ Kh8 37. Kh2 Rf6 38. Rdd7 Rxe6 39. Rh7+ Kg8 40. Rdg7+ Kf8 41. Rxb7 Re7 42. Rbxe7 Nxe7 43. Rh8+ Ng8 44. Rxh6 Rc8 45. Rc6 Rxc6 46. bxc6 Ne7 47. c4 Nxc6 48. g4 Ne5 49. Kg2 Nxc4 50. Kf3 Na3 51. Ke4 Nb5 52. Kd5 Nc3+ 53. Ke6 Nxa2 54. g5 Nc3 55. h4 Ne4 56. g6 Kg7 57. h5 Ng3 58. Ke5 Nxh5 0-1


[Site "https://www.chess.com"]

[Event "Titled Tuesday Blitz August 17 2021"]
[White "Bacrot, Etienne"]
[Black "Holt, Conrad"]
[WhiteFideId "605506"]
[BlackFideId "2034387"]
[WhiteElo "2673"]
[BlackElo "2586"]
[Result "0-1"]
[Round "08"]
[TimeControl "180+1"]
[Date "2021.08.17"]
[WhiteClock "0:00:03"]
[BlackClock "0:00:10"]

1. e4 e6 2. d4 d5 3. exd5 exd5 4. Nf3 Bd6 5. c4 Nf6 6. c5 Be7 7. Qa4+ Bd7 8. Qc2 O-O 9. Be3 Ng4 10. Bf4 Nc6 11. a3 Bf6 12. h3 Re8+ 13. Be2 Nh6 14. Bxh6 gxh6 15. Qd2 Bf5 16. Nc3 Be4 17. O-O Bxf3 18. Bxf3 Nxd4 19. Bg4 Bg7 20. Rae1 Rxe1 21. Rxe1 c6 22. Qd3 Qf6 23. Nd1 Qg6 24. Qg3 h5 25. Bd7 Qxg3 26. fxg3 Rd8 27. Re8+ Rxe8 28. Bxe8 Nb3 29. Bd7 Nxc5 30. Bc8 b6 31. b4 Ne4 32. Bb7 Nxg3 33. Bxc6 d4 34. Kf2 Nf5 35. Kf3 Nd6 36. Nf2 Kf8 37. Ne4 Nc4 38. a4 Ne5+ 0-1


[Site "https://www.chess.com"]

[Event "Titled Tuesday Blitz August 17 2021"]
[White "Batsuren, Dambasuren"]
[Black "Bobkov, Vadim"]
[WhiteFideId "4902920"]
[BlackFideId "34110876"]
[WhiteElo "2371"]
[BlackElo "2117"]
[Result "1-0"]
[Round "08"]
[TimeControl "180+1"]
[Date "2021.08.17"]
[WhiteClock "0:00:52"]
[BlackClock "0:00:03"]

1. c4 e6 2. Nc3 d5 3. e3 Nf6 4. Nf3 b6 5. b3 Bb7 6. Bb2 Be7 7. Qc2 O-O 8. Rg1 c5 9. cxd5 exd5 10. d4 Nc6 11. dxc5 bxc5 12. O-O-O Qa5 13. Kb1 d4 14. exd4 cxd4 15. Nxd4 Nb4 16. Qf5 Nfd5 17. a4 Nxc3+ 18. Bxc3 Qxf5+ 19. Nxf5 Be4+ 20. Bd3 Bxd3+ 21. Rxd3 Nxd3 22. Nxe7+ Kh8 23. Nf5 f6 24. Rd1 Nxf2 25. Rd7 Ne4 26. Bb2 Rad8 27. Rxa7 g6 28. Nd4 h5 29. Ka2 h4 30. Ne6 Rde8 31. Nxf8 Rxf8 32. Re7 Nf2 33. a5 Kg8 34. a6 h3 35. gxh3 Nxh3 36. a7 Ra8 37. Rb7 Nf4 38. Rb8+ 1-0


[Site "https://www.chess.com"]

[Event "Titled Tuesday Blitz August 17 2021"]
[White "Bilan, Danila"]
[Black "Nastore, Pavel-Alexandru"]
[WhiteFideId "24161918"]
[BlackFideId "1255002"]
[WhiteElo "2164"]
[BlackElo "1763"]
[Result "1-0"]
[Round "08"]
[TimeControl "180+1"]
[Date "2021.08.18"]
[WhiteClock "0:00:08"]
[BlackClock "0:00:02"]

1. d4 Nf6 2. Nf3 d5 3. c4 e6 4. Nc3 Bb4 5. Qc2 Ne4 6. Bd2 Nxd2 7. Nxd2 O-O 8. e3 c5 9. dxc5 Bxc5 10. cxd5 exd5 11. Nb3 Be7 12. Rd1 Be6 13. Bd3 h6 14. O-O Nc6 15. Bf5 Qd7 16. Bxe6 fxe6 17. Ne2 Rac8 18. Qg6 Bf6 19. Ned4 Ne5 20. Qh5 Nc4 21. Qe2 a5 22. Nc1 Rfd8 23. b3 Nd6 24. Nf3 Ne4 25. Rd3 Qb5 26. Nd4 Qa6 27. Qg4 Re8 28. Rdd1 Qd6 29. Nce2 Qe7 30. Rc1 Rxc1 31. Rxc1 Qd7 32. g3 Kf7 33. Nf4 Rc8 34. Rxc8 Qxc8 35. Nfxe6 Qc1+ 36. Kg2 Qd2 37. Qf3 Ke7 38. Nf4 Ng5 39. Nxd5+ Kf8 40. Qf5 1-0


[Site "https://www.chess.com"]

[Event "Titled Tuesday Blitz August 17 2021"]
[White "Bodnar, Nikolay"]
[Black "Firat, Burak"]
[WhiteFideId "14106469"]
[BlackFideId "6305881"]
[WhiteElo "2296"]
[BlackElo "2531"]
[Result "0-1"]
[Round "08"]
[TimeControl "180+1"]
[Date "2021.08.17"]
[WhiteClock "0:01:20"]
[BlackClock "0:00:59"]

1. d4 Nf6 2. c4 e6 3. Nf3 b6 4. g3 Ba6 5. Qc2 c5 6. d5 exd5 7. cxd5 Bb7 8. Bg2 Bxd5 9. O-O Be4 10. Qa4 Bc6 11. Qf4 Be7 12. Nc3 O-O 13. e4 d6 14. Rd1 Qc7 15. Nh4 g6 16. Nd5 Bxd5 17. exd5 Nbd7 18. Bd2 Ne5 19. Bc3 Nfd7 20. Nf3 Bf6 21. Nd2 Bg7 22. h4 b5 23. a3 a5 24. Ne4 b4 25. Bd2 Nd3 26. Qe3 Nxb2 27. Rdc1 Ne5 28. axb4 axb4 29. Rxa8 Rxa8 30. Bf1 Ra3 31. Qg5 Nf3+ 0-1


[Site "https://www.chess.com"]